 Dungeon Crawl Stone Soup version 0.30-a0-965-g42e074c17a (webtiles) character file.

Game seed: 11052683357458168751

21 Ahpoh the Slasher (level 2, -1/18 HPs)
             Began as a Gargoyle Gladiator on Mar 30, 2023.
             Slain by a gnoll
             ... wielding a +0 whip
              (8 damage)
             ... on level 1 of the Dungeon.
             The game lasted 00:02:17 (460 turns).

Ahpoh the Slasher (Gargoyle Gladiator)               Turns: 460, Time: 00:02:18

Health: -1/18      AC:  6    Str: 17    XL:     2   Next: 83%
Magic:  2/2        EV: 12    Int:  8    God:
Gold:   36         SH:  0    Dex: 11    Spells: 1/1 levels left

rFire   . . .      SeeInvis .    a - +0 long sword
rCold   . . .      Faith    .    (no shield)
rNeg    + . .      Spirit   .    b - +0 leather armour
rPois   ∞          Reflect  .    c - +0 helmet
rElec   +          Rampage  .    (no cloak)
rCorr   .                        (no gloves)
Will    .....                    (no boots)
Stlth   +                        (no amulet)
HPRegen 0.23/turn                (no ring)
MPRegen 0.08/turn                (no ring)

@: no status effects
A: sickness immunity, AC +2, negative energy resistance 1, electricity
resistance, torment resistance 1, petrification resistance
a: no special abilities


You were on level 1 of the Dungeon.
You visited 1 branch of the dungeon, and saw 1 of its levels.

You collected 36 gold pieces.

Inventory:

Hand Weapons
 a - a +0 long sword (weapon)
Missiles
 d - 3 throwing nets (quivered)
 e - 6 javelins
Armour
 b - a +0 leather armour (worn)
 c - a +0 helmet (worn)
Potions
 f - 2 potions of lignification {unknown}
 g - a potion of resistance {unknown}
 h - a potion of curing {unknown}


   Skills:
 + Level 2.4 Fighting
 + Level 3.1 Long Blades
 + Level 1.8 Throwing
 + Level 0.3 Armour
 + Level 2.8 Dodging


You had one spell level left.
You didn't know any spells.
Your spell library was empty.

Dungeon Overview and Level Annotations

Branches:
Dungeon (1/15)

Altars:


Innate Abilities, Weirdness & Mutations

You are immune to sickness and miasma.
Your stone body is resilient. (AC +2)
You are immune to poison.
You resist negative energy. (rN+)
You are resistant to electric shocks. (rElec)
You are resistant to unholy torment.
You are immune to petrification.


Message History

The frilled lizard bites you but does no damage.
You hit the frilled lizard.
You kill the frilled lizard!
There is an open door here.
Things that are here:
a +0 short sword; 4 stones; a frilled lizard corpse You now have 18 gold pieces (gained 8).
You now have 27 gold pieces (gained 9).
You now have 31 gold pieces (gained 4).
Found a faded altar of an unknown god.
There is a faded altar of an unknown god here.
You now have 36 gold pieces (gained 5).
A ball python comes into view.
The ball python hisses angrily.
You hit the ball python.
You kill the ball python!
You see here a ball python corpse.
You see here a ball python corpse.
There is a faded altar of an unknown god here.
This altar belongs to (a) Nemelex Xobeh, (b) Fedhas or (c) Hepliaklqana, but you can't tell which.
Press the corresponding letter to learn more about a god, or press enter to convert or escape to cancel.
Okay, then.
A gnoll comes into view. It is wielding a +0 whip.
The gnoll shouts!
The gnoll barely misses you.
You hit the gnoll.
The gnoll is lightly wounded.
The gnoll hits you with a +0 whip.
You barely miss the gnoll.
The gnoll is lightly wounded.
The gnoll hits you with a +0 whip. The gnoll hits you but does no damage.
You barely miss the gnoll.
The gnoll is lightly wounded.
The gnoll hits you with a +0 whip.
You hit the gnoll.
The gnoll is heavily wounded.
The gnoll hits you with a +0 whip.
You barely miss the gnoll.
The gnoll is heavily wounded.
The gnoll hits you with a +0 whip!
You die...

#.##############..#.#.# #....
#.....#...._...#..#.#.# ##)##
#.###.#.######.#..#.#.# #.#
.#.#.#†#.######.#..#.#.#######.##
.................................
.#.#.#...######.#################
#.#.#..###.........÷...# #..
....#....#.#.#########.# #..
######.##...#.@g......#.# #..
..###..#########.#.# #.. ###
##...## #.# #.. ### #.#..####
#.#####.. ###.########.##....#
.#........ .#.....##.....#####.#
.#######..
..P...P.#.....#####.###.# #..
........#...............#######..
....<...#.....#######............


You could see a gnoll.

Vanquished Creatures
  3 giant cockroaches (D:1)
  2 goblins (D:1)
  A hobgoblin (D:1)
  A kobold (D:1)
  4 quokkas (D:1)
  A ball python (D:1)
  2 bats (D:1)
  2 frilled lizards (D:1)
  2 rats (D:1)
18 creatures vanquished.

Vanquished Creatures (others)
  A plant (D:1)
1 creature vanquished.

Grand Total: 19 creatures vanquished

Notes
Turn   | Place    | Note
-------+----------+-------------------------------------------
     0 | D:1      | Ahpoh the Gargoyle Gladiator began the quest for the Orb.
     0 | D:1      | Reached XP level 1. HP: 12/12 MP: 1/1
   104 | D:1      | Reached XP level 2. HP: 18/18 MP: 2/2
   250 | D:1      | Reached skill level 3 in Long Blades
   417 | D:1      | Found a faded altar of an unknown god.
   460 | D:1      | Slain by a gnoll

Illustrated notes

Levels and vault maps discovered:
D:1:      dpeg_arrival_orchard, layout_basic, basic_ecumenical_altar

Skill      XL: |  1  2 |
---------------+-------+-----
Long Blades    | 3 |  3.1
Fighting       | |  2.4
Throwing       | |  1.8
Armour         | |  0.3
Dodging        | |  2.8

Action                     || total
---------------------------++-------
  Melee: Long sword        ||    94
         Punch             ||     1
 Armour: Leather armour    ||    56
  Dodge: Dodged            ||    79

Table legend: (Time is in decaauts)
 A = Elapsed time spent in this place.
 B = Non-inter-level travel time spent in this place.
 C = Inter-level travel time spent in this place.
 D = Time resting spent in this place.
 E = Time spent auto-exploring this place.
 F = Levels seen in this place.
 G = Mean time per level.
                   A        B        C        D        E       F      G
               +--------+--------+--------+--------+--------+-----+--------+
         Total |    483 |    483 |      0 |     56 |    228 |   1 |  483.0 |
       Dungeon |    483 |    483 |      0 |     56 |    228 |   1 |  483.0 |
               +--------+--------+--------+--------+--------+-----+--------+

Top non-repeatable levels by time:
     D:1: 483 daAuts
